 Dungeon Crawl Stone Soup version 0.29.0-7-g18a832c13a (webtiles) character file.

Game seed: 12588770174095334176

12222 Buttons840 the Blocker (level 11, 0/107 HPs)
             Began as a Troll Fighter on Sept 1, 2022.
             Was a High Priest of Okawaru.
             Killed from afar by a rime drake (16 damage)
             ... with a flash freeze
             ... on level 10 of the Dungeon.
             The game lasted 01:08:37 (11295 turns).

Buttons840 the Blocker (Troll Fighter)             Turns: 11295, Time: 01:08:38

Health: 0/107      AC: 16    Str: 26    XL:     11   Next: 59%
Magic:  11/11      EV:  9    Int:  4    God:    Okawaru [*****.]
Gold:   896        SH: 16    Dex: 13    Spells: 10/10 levels left

rFire   . . .      SeeInvis .   d - +2 morningstar (protect)
rCold   . . .      Faith    .   F - +0 kite shield
rNeg    . . .      Spirit   .   t - +0 acid dragon scales
rPois   .          Reflect  +   (helmet restricted)
rElec   .          Harm     .   v - +0 cloak
rCorr   +          Rampage  .   (gloves unavailable)
Will    .....                   (boots unavailable)
Stlth   +.........              A - amulet of reflection
HPRegen 1.07/turn               (no ring)
MPRegen 0.12/turn               (no ring)

@: under a protective aura
A: large, unfitting armour, claws 3, regeneration 1, shaggy fur 1, tough skin 1
a: Renounce Religion, Heroism, Finesse, Duel


You were on level 10 of the Dungeon.
You worshipped Okawaru.
Okawaru was extremely pleased with you.
You visited 4 branches of the dungeon, and saw 13 of its levels.

You collected 896 gold pieces.

Inventory:

Hand Weapons
 a - a +2 hand axe of electrocution
 b - a +3 hand axe of freezing
 c - a +3 war axe
 d - a +2 morningstar of protection (weapon)
Missiles
 h - 45 poisoned darts
 j - 96 stones (quivered)
 q - 2 curare-tipped darts
 z - 12 boomerangs
Armour
 m - +0 steam dragon scales
 t - +0 acid dragon scales (worn)
 v - a +0 cloak (worn)
 F - a +0 kite shield (worn)
 J - a +0 troll leather armour
Jewellery
 A - an amulet of reflection (around neck)
Wands
 I - a wand of mindburst (7)
 N - a wand of paralysis (6)
 P - a wand of flame (10)
Scrolls
 f - 7 scrolls of teleportation
 g - a scroll of magic mapping {unknown}
 i - 2 scrolls of fear
 k - 4 scrolls of vulnerability
 s - 4 scrolls of poison
 u - 2 scrolls of amnesia {unknown}
 w - 2 scrolls of fog {unknown}
 y - a scroll of enchant armour
 B - a scroll of silence {unknown}
 C - a scroll of noise {unknown}
 E - a scroll of torment {unknown}
 G - 2 scrolls of identify
 K - a scroll of acquirement {unknown}
 O - a scroll of immolation {unknown}
Potions
 e - a potion of flight
 l - 3 potions of berserk rage {unknown}
 n - 2 potions of brilliance {unknown}
 o - 3 potions of curing
 p - 4 potions of might
 r - a potion of invisibility
 x - a potion of heal wounds {unknown}
 D - 2 potions of attraction
 H - a potion of cancellation {unknown}
 L - a potion of ambrosia {unknown}
 M - a potion of lignification {unknown}


   Skills:
 * Level 6.9 Fighting
 * Level 8.3(8.5) Axes
 - Level 3.1(6.5) Maces & Flails
 * Level 3.0 Throwing
 - Level 3.4 Dodging
 - Level 0.3 Stealth
 - Level 11.3 Shields
 - Level 2.4 Invocations
 * Level 2.3 Evocations


You had 10 spell levels left.
You didn't know any spells.
Your spell library contained the following spells:

 Spells                   Type           Power      Damage    Failure   Level
 Slow                     Hex            0%         N/A       77%         1
 Ensorcelled Hibernation  Hex/Ice        0%         N/A       88%         2
 Confusing Touch          Hex            0%         N/A       98%         3
 Inner Flame              Hex/Fire       0%         N/A       98%         3
 Spider Form              Tmut/Pois      0%         N/A       98%         3
 Vampiric Draining        Necr           0%         2d6       98%         3
 Anguish                  Hex/Necr       0%         N/A       100%        4
 Cause Fear               Hex            0%         N/A       100%        4
 Discord                  Hex            0%         N/A       100%        8


Dungeon Overview and Level Annotations

Branches:
Dungeon (10/15)            Temple (1/1) D:5            Lair (1/5) D:10
    Orc (1/2) D:10

Altars:
Ashenzari
Cheibriados
Dithmenos
Elyvilon
Fedhas
Gozag
Hepliaklqana
Kikubaaqudgha
Makhleb
Nemelex Xobeh
Okawaru
Qazlal
Ru
Sif Muna
Trog
Uskayaw
Vehumet
Wu Jian
Xom
Yredelemnul
Zin
The Shining One

Shops:
D:7 :   Orc:1 [[


Innate Abilities, Weirdness & Mutations

You are too large for most types of armour.
You have claws for hands.
Your natural rate of healing is unusually fast.
You are covered in fur. (AC +1)
You have tough skin. (AC +1)


Message History

The gnoll sergeant shouts!
A gnoll comes into view. It is wielding a +0 spear.
The gnoll shouts! x2
The gnoll hits you from afar with a +0 halberd!
The gnoll moves out of view.
A gnoll comes into view. It is wielding a +0 flail.
The gnoll misses you. You block the gnoll sergeant's attack.
You slash the gnoll!
The gnoll is almost dead.
You block the gnoll's attack.
The gnoll sergeant hits you from afar with a +0 trident.
You hit the gnoll but do no damage.
The gnoll is almost dead.
The gnoll hits you with a +0 halberd. The gnoll sergeant barely misses you.
You barely miss the gnoll.
The gnoll is almost dead.
You block the gnoll's attack. You block the gnoll sergeant's attack.
You slash the gnoll!
You kill the gnoll!
Okawaru accepts your kill.
The gnoll sergeant hits you from afar with a +0 trident!
You closely miss the gnoll. You block the gnoll sergeant's attack.
You block the gnoll's attack.
You hit the gnoll.
The gnoll is heavily wounded.
The gnoll sergeant hits you from afar with a +0 trident.
The gnoll closely misses you.
You hit the gnoll.
The gnoll is severely wounded.
You block the gnoll sergeant's attack. You block the gnoll's attack.
You hit the gnoll.
You kill the gnoll!
Okawaru accepts your kill. You block the gnoll sergeant's attack.
You barely miss the gnoll. You block the gnoll's attack.
You block the gnoll sergeant's attack.
You barely miss the gnoll. You block the gnoll's attack.
The gnoll sergeant hits you from afar with a +0 trident!
You block the gnoll's attack.
You slash the gnoll!
The gnoll is severely wounded.
You block the gnoll's attack.
The gnoll sergeant hits you from afar with a +0 trident.
The gnoll barely misses you.
You closely miss the gnoll.
The gnoll is severely wounded.
The gnoll hits you but does no damage. You block the gnoll sergeant's attack.
You block the gnoll's attack.
You hit the gnoll. Lightning courses through the gnoll!
You kill the gnoll!
Okawaru accepts your kill. The gnoll closely misses you.
You block the gnoll sergeant's attack. You block the gnoll's attack.
The gnoll sergeant hits you but does no damage.
Items here: ))) †.
You hit the gnoll sergeant.
The gnoll sergeant is lightly wounded.
You hit the gnoll. You block the gnoll's attack.
You block the gnoll sergeant's attack.
You barely miss the gnoll sergeant.
The gnoll sergeant is lightly wounded.
You barely miss the gnoll. You block the gnoll's attack.
You block the gnoll sergeant's attack.
You hit the gnoll sergeant.
The gnoll sergeant is moderately wounded.
You slash the gnoll!
You kill the gnoll!
Okawaru accepts your kill.
The gnoll sergeant hits you with a +0 trident.
You barely miss the gnoll sergeant.
The gnoll sergeant is moderately wounded.
You block the gnoll sergeant's attack.
You slash the gnoll sergeant!
Lightning courses through the gnoll sergeant!
You kill the gnoll sergeant!
Okawaru accepts your kill.
Things that are here:
a +0 trident; a +0 ring mail; a gnoll corpse
Items here: ))) †.
A killer bee comes into view.
The killer bee buzzes angrily.
You hear an angry buzzing noise.
A killer bee comes into view. 2 killer bees come into view.
The killer bee buzzes angrily. x2
The killer bee buzzes angrily.
You block the killer bee's attack. x2
You block the killer bee's attack. The killer bee stings you.
The killer bee stings you but does no damage.
You block the killer bee's attack. The killer bee stings you. x2
You are poisoned.
The killer bee poisons you!
There is a stone staircase leading up, spattered with blood here.
You hit the killer bee.
The killer bee is moderately wounded.
You barely miss the killer bee.
You hit the killer bee but do no damage.
You hit the killer bee.
You feel sick. You block the killer bee's attack. x2
The killer bee closely misses you. You block the killer bee's attack.
The killer bee stings you but does no damage. x2
The killer bee stings you.
You are more poisoned.
The killer bee poisons you! You block the killer bee's attack.
You closely miss the killer bee.
The killer bee is moderately wounded.
You barely miss the killer bee. You miss the killer bee.
You closely miss the killer bee.
You feel very sick.
You block the killer bee's attack. x2; The killer bee closely misses you. x2
You block the killer bee's attack. The killer bee completely misses you.
The killer bee barely misses you. You block the killer bee's attack.
You hit the killer bee.
The killer bee is severely wounded.
You hit the killer bee. You barely miss the killer bee. You hit the killer bee.
You feel sick. You block the killer bee's attack. x3
The killer bee closely misses you.
The killer bee stings you but does no damage.
The killer bee barely misses you. You block the killer bee's attack. x2
You slash the killer bee!
You kill the killer bee!
Okawaru accepts your kill.
You closely miss the killer bee. You miss the killer bee.
You barely miss the killer bee.
You feel sick. You block the killer bee's attack. The killer bee stings you.
You block the killer bee's attack. x2; The killer bee barely misses you.
The killer bee stings you.
You closely miss the killer bee.
The killer bee is moderately wounded.
You hit the killer bee but do no damage.
Lightning courses through the killer bee!
You hit the killer bee but do no damage.
Lightning courses through the killer bee!
You kill the killer bee!
Okawaru accepts your kill.
You feel sick. You block the killer bee's attack.
The killer bee closely misses you. The killer bee stings you.
You are more poisoned.
The killer bee poisons you! You block the killer bee's attack.
You slash the killer bee!
You kill the killer bee!
Okawaru accepts your kill.
You closely miss the killer bee.
You feel very sick. You block the killer bee's attack.
You miss the killer bee.
The killer bee is almost dead.
You feel sick. You block the killer bee's attack. x2
You hit the killer bee.
You kill the killer bee!
Okawaru accepts your kill.
You feel sick.
Unknown command.
You start resting.
You feel sick. x7
You are no longer poisoned.
You start resting.
HP restored.
You see here a killer bee corpse.
A kobold brigand comes into view.
It is wielding a +0 dagger and quivering poisoned darts.
The kobold brigand shouts!
You hear a shout!
A kobold brigand is nearby!
A kobold brigand is nearby!
A kobold comes into view. It is wielding a +0 short sword.
The kobold shouts!
You hear a shout! x3
A kobold comes into view.
It is wielding a +0 whip. 2 kobolds come into view.
A kobold is wielding a +0 club and quivering poisoned darts.
The kobold shouts!
A kobold comes into view. It is wielding a +0 club.
You block the kobold brigand's attack.
You closely miss the kobold brigand.
The kobold shouts!
A kobold comes into view. It is wielding a +0 short sword.
You block the kobold brigand's attack.
You slash the kobold brigand!
The kobold brigand is moderately wounded.
You hit the kobold. Lightning courses through the kobold!
You kill the kobold!
You block the kobold brigand's attack.
You hit the kobold brigand.
The kobold brigand is moderately wounded.
The kobold brigand hits you with a +0 dagger!
You closely miss the kobold brigand.
The kobold brigand is moderately wounded.
The kobold brigand hits you with a +0 dagger.
You closely miss the kobold brigand.
The kobold brigand is moderately wounded.
You hit the kobold. Lightning courses through the kobold!
You kill the kobold!
An acid dragon comes into view.
You block the kobold brigand's attack.
The acid dragon roars!
You hit the kobold brigand.
The kobold brigand is moderately wounded.
You barely miss the kobold. You closely miss the kobold.
You block the kobold's attack.
The kobold brigand hits you but does no damage.
You slash the kobold brigand!
The kobold brigand is heavily wounded.
You barely miss the kobold. You closely miss the kobold.
The kobold brigand closely misses you. You block the kobold's attack.
The kobold brigand attacks as you move away!
The kobold brigand hits you but does no damage.
The kobold barely misses you. The kobold attacks as you move away!
The kobold hits you but does no damage.
The kobold throws a stone.
The stone closely misses you.
The kobold brigand throws a poisoned dart.
The poisoned dart hits you!
You are poisoned.
You feel very sick.
You feel sick.
You feel sick.
You feel sick.
You feel sick.
You feel sick.
You feel sick. You block the kobold's attack.
The kobold throws a stone.
You reflect the stone off an invisible shield around you!
The stone barely misses the kobold. x2
You feel sick.
You feel sick.
You are no longer poisoned.
The kobold attacks as you move away! You block the kobold's attack.
The kobold attacks as you move away! You block the kobold's attack.
You barely miss the kobold. You block the kobold's attack.
You barely miss the kobold. You hit the kobold. The kobold barely misses you.
You closely miss the kobold. x2; You hit the kobold.
Lightning courses through the kobold!!
You kill the kobold!
You block the kobold's attack. The kobold hits you but does no damage.
The kobold brigand attacks as you move away!
The kobold brigand hits you but does no damage.
You block the kobold's attack. The kobold attacks as you move away!
You block the kobold's attack. The kobold attacks as you move away!
You block the kobold's attack. The kobold attacks as you move away!
You block the kobold's attack.
You see here a killer bee corpse.
The kobold attacks as you move away! You block the kobold's attack.
There is a stone staircase leading up, spattered with blood here.
The kobold hits you with a +0 whip.
You climb upwards.
There is a stone staircase leading down, spattered with blood here.
You slash the kobold! Lightning courses through the kobold!
You kill the kobold!
No target in view!
You climb downwards.
You block the kobold's attack. The kobold hits you but does no damage.
The kobold brigand hits you with a +0 dagger.
The kobold hits you but does no damage. You block the kobold's attack.
The kobold brigand hits you with a +0 dagger.
There is a stone staircase leading up, spattered with blood here.
You block the kobold's attack. The kobold brigand barely misses you.
You block the kobold's attack.
You climb upwards.
There is a stone staircase leading down, spattered with blood here.
You hit the kobold brigand but do no damage.
The kobold brigand is moderately wounded.
You closely miss the kobold. x2; You block the kobold's attack.
The kobold brigand hits you but does no damage.
You block the kobold's attack.
You completely miss the kobold brigand.
The kobold brigand is moderately wounded.
You closely miss the kobold. You slash the kobold!
You kill the kobold!
You block the kobold brigand's attack. You block the kobold's attack.
You hit the kobold brigand but do no damage.
The kobold brigand is moderately wounded.
You hit the kobold. Lightning courses through the kobold!!
You kill the kobold!
Okawaru accepts your kill.
The kobold brigand hits you with a +0 dagger.
You hit the kobold brigand.
Lightning courses through the kobold brigand!!
You kill the kobold brigand!
Okawaru accepts your kill.
h - 45 poisoned darts (gained 5)
You see here a +0 dagger.
There is a stone staircase leading down, spattered with blood here.
You climb downwards.
There is a stone staircase leading up, spattered with blood here.
You slash the acid dragon!
The acid dragon is moderately wounded.
You block the acid dragon's attack.
The acid dragon claws you but does no damage.
You hit the acid dragon.
The acid dragon is heavily wounded.
You block the acid dragon's attack.
The acid dragon claws you but does no damage.
You barely miss the acid dragon.
The acid dragon is heavily wounded.
You block the acid dragon's attack.
The acid dragon claws you but does no damage.
You barely miss the acid dragon.
The acid dragon is heavily wounded.
The acid dragon spits acid at you. The splash of acid hits you!
You hit the acid dragon.
Lightning courses through the acid dragon!!
You kill the acid dragon!
Okawaru accepts your kill.
The acid dragon scales are intact enough to wear.
Things that are here:
+0 acid dragon scales; an acid dragon corpse Cleave: a) +2 hand axe (elec)
Press: ? - help, Dir - move target, f - you
Okay, then.
You start removing your armour.
You continue taking off your +0 troll leather armour. x4
You finish taking off your +0 troll leather armour.
You start putting on your armour.
You continue putting on your +0 acid dragon scales. x3
HP restored.
You continue putting on your +0 acid dragon scales. x2
You finish putting on your +0 acid dragon scales.
j - 88 stones (gained 5)
You see here a +0 short sword.
j - 91 stones (gained 3)
Things that are here:
a +0 whip; a +0 short sword; a kobold corpse
N - a wand of paralysis (6)
Items here: ))) ÷.
You see here a +0 spear.
f - 7 scrolls of teleportation (gained 1)
l - 3 fizzy silvery potions (gained 1)
You now have 505 gold pieces (gained 14).
O - a scroll labelled UCAMESM GACS
There is a stone staircase leading down here.
j - 96 stones (gained 5)
You now have 515 gold pieces (gained 10).
Found a staircase to the Lair.
You now have 529 gold pieces (gained 14).
There is a staircase to the Lair here.
There is a stone staircase leading down here.
Found a leather armour.
You see here a +0 leather armour.
There is a stone staircase leading down here.
You see here a +0 spear.
Things that are here:
a +0 halberd; a +0 club; a +0 flail Done exploring.
Done exploring.
Done exploring.
Done exploring.
Unknown command.
Your movement speed is average.
Your attack delay is about 0.9.
Unknown command.
You gain the combat prowess of a mighty hero.
Magic restored.
Done exploring.
(D) Dungeon (T) Temple (L) Lair (O) Orcish Mines
Where to? (Enter - D:10, ? - help)
What level of the Lair of Beasts? (default 1, ? - help)
You feel like a meek peon again.
There is a staircase to the Lair here.
You climb downwards.
Welcome to the Lair of Beasts!
The cane toad croaks.
The six-headed hydra roars!
There is a staircase back to the Dungeon here.
There are monsters nearby!
The rime drake breathes ice at you.
The flash freeze reflects off an invisible shield around you!
The flash freeze misses the rime drake.
You climb upwards.
Welcome back to the Dungeon!
There is a staircase to the Lair here.
Search for what [Enter for "."]? flaming Can't find anything matching that.
Search for what [Enter for "flaming", or ? for help]? flame Unknown command.
(D) Dungeon (T) Temple (L) Lair (O) Orcish Mines
Where to? (Enter - Lair:1, ? - help)
What level of the Orcish Mines? (default 1, ? - help)
There is a stone staircase leading down here.
There is a staircase to the Orcish Mines here.
You climb downwards.
Welcome to the Orcish Mines!
There is a staircase back to the Dungeon here.
There is a stone staircase leading down here.
Found 21 gold pieces.
You now have 550 gold pieces (gained 21).
Found 34 gold pieces.
There is an entrance to Leumuami's Armour Boutique here.
An ogre and an orc sorcerer come into view.
The orc sorcerer is wielding a +0 dagger of electrocution.
The orc sorcerer shouts!
The orc sorcerer gestures at you while chanting.
The bolt of fire hits you!!
The ogre shouts!
The orc sorcerer casts a spell at you. You resist with significant effort.
You start resting.
An ogre is nearby!
The ogre barely misses you.
You slash the ogre! Lightning courses through the ogre!
The ogre is severely wounded.
You slash the ogre! Lightning courses through the ogre!
You kill the ogre!
Okawaru accepts your kill. You block the orc sorcerer's attack.
Things that are here:
a +0 giant club; an ogre corpse You closely miss the orc sorcerer.
The orc sorcerer hits you with a +0 dagger of electrocution.
You hit the orc sorcerer but do no damage.
Lightning courses through the orc sorcerer!
The orc sorcerer is heavily wounded.
You block the orc sorcerer's attack.
You closely miss the orc sorcerer.
The orc sorcerer is heavily wounded.
You block the orc sorcerer's attack.
You slash the orc sorcerer!
The orc sorcerer is severely wounded.
The orc sorcerer hits you with a +0 dagger of electrocution.
You hit the orc sorcerer.
The orc sorcerer is severely wounded.
The orc sorcerer hits you but does no damage.
You are electrocuted!!
You hit the orc sorcerer.
Lightning courses through the orc sorcerer!!
You kill the orc sorcerer!
Okawaru accepts your kill. Okawaru grants you armour!
Something appears at your feet!
You see here the -2 tower shield of Fun and Games {Rampage rF- rN+ Regen+}.
Your Axes skill increases to level 8!
Your Evocations skill increases to level 2!
Cleave: a) +2 hand axe (elec)
Press: ? - help, Dir - move target, f - you
Okay, then.
Unknown command.
Things that are here:
a +0 dagger of electrocution; a +0 robe
Found 23 gold pieces.
You now have 584 gold pieces (gained 34).
Found 22 gold pieces.
You now have 607 gold pieces (gained 23).
You now have 629 gold pieces (gained 22).
Search for what [Enter for "flame", or ? for help]? rF+ Unknown command.
HP restored.
A troll comes into view.
The troll shouts!
You hear a shout!
You see here 26 gold pieces.
You block the troll's attack. x2; The troll closely misses you.
You slash the troll! Lightning courses through the troll!
The troll is severely wounded.
You block the troll's attack. The troll closely misses you.
The troll claws you!
A troll comes into view.
The troll shouts!
You slash the troll!
The troll is almost dead.
You block the troll's attack. The troll claws you but does no damage.
You block the troll's attack.
You closely miss the troll.
The troll is almost dead.
You block the troll's attack. The troll claws you.
You block the troll's attack.
You completely miss the troll.
The troll is almost dead.
You block the troll's attack. The troll claws you but does no damage.
You block the troll's attack.
You hit the troll.
The troll is almost dead.
You closely miss the troll. You block the troll's attack. The troll claws you!
The troll claws you but does no damage.
An orc warrior comes into view. It is wielding a +0 mace.
You block the troll's attack. The troll claws you but does no damage.
The troll misses you.
You hit the troll but do no damage.
The troll is almost dead.
You hit the troll. The troll barely misses you. You block the troll's attack.
The troll closely misses you. The troll bites you!
The troll closely misses you. The troll claws you.
You hit the troll.
The troll is almost dead.
You hit the troll. The troll bites you. You block the troll's attack. x2
The troll bites you! The troll claws you but does no damage.
The troll closely misses you.
You hit the troll.
You kill the troll!
Okawaru accepts your kill.
You hit the troll. Lightning courses through the troll!
You block the troll's attack. The troll claws you!
The troll claws you but does no damage.
You hit the troll.
The troll is severely wounded.
An orc comes into view. It is wielding a +0 dagger.
You block the troll's attack. The troll misses you.
The troll closely misses you.
You barely miss the troll.
The troll is severely wounded.
You block the troll's attack. The troll barely misses you.
The troll claws you but does no damage.
You barely miss the troll.
The troll is severely wounded.
The troll closely misses you. You block the troll's attack.
The troll barely misses you.
You slash the troll!
The troll is almost dead.
You hit the orc warrior but do no damage.
An orc comes into view. It is wielding a +0 club.
You block the orc warrior's attack. The troll bites you! The troll claws you.
You block the troll's attack.
You are too injured to fight recklessly!
You are too injured to fight recklessly!
The orc shouts!
You slash the troll!
You kill the troll!
Okawaru accepts your kill.
The troll leather armour is intact enough to wear.
You barely miss the orc warrior.
You hear a shout!
An orc comes into view. It is wielding a +0 dagger.
The orc warrior hits you with a +0 mace!
The orc shouts!
The orc warrior attacks as you move away!
You block the orc warrior's attack.
You see here 26 gold pieces.
The orc warrior attacks as you move away!
You block the orc warrior's attack.
The orc warrior attacks as you move away!
The orc warrior hits you with a +0 mace!
* * * LOW HITPOINT WARNING * * *
The orc warrior attacks as you move away!
The orc warrior hits you with a +0 mace.
* * * LOW HITPOINT WARNING * * *
The orc warrior attacks as you move away!
The orc warrior closely misses you.
The orc warrior attacks as you move away!
You block the orc warrior's attack.
The orc warrior attacks as you move away!
You block the orc warrior's attack.
The orc shouts loudly.
The orc warrior attacks as you move away!
The orc warrior barely misses you.
The orc warrior attacks as you move away!
You block the orc warrior's attack.
There is a staircase back to the Dungeon here.
You block the orc warrior's attack.
You climb upwards.
Welcome back to the Dungeon!
There is a staircase to the Orcish Mines here.
You closely miss the orc warrior. You block the orc warrior's attack.
You hit the orc warrior but do no damage.
The orc warrior hits you with a +0 mace.
You hit the orc warrior but do no damage.
You block the orc warrior's attack.
You closely miss the orc warrior. You block the orc warrior's attack.
You hit the orc warrior but do no damage.
The orc warrior hits you with a +0 mace!
Cleave: a) +2 hand axe (elec)
Press: ? - help, Dir - move target, f - orc warrior
Aim: an orc warrior, wielding a +0 mace and wearing a +0 plate armour (about 32% to evade your +2 hand axe of electrocution)
You completely miss the orc warrior. You block the orc warrior's attack.
Cleave: a) +2 hand axe (elec)
Press: ? - help, Dir - move target, f/p - orc warrior
Aim: an orc warrior, wielding a +0 mace and wearing a +0 plate armour (about 32% to evade your +2 hand axe of electrocution)
You barely miss the orc warrior. The orc warrior closely misses you.
Cleave: a) +2 hand axe (elec)
Press: ? - help, Dir - move target, f/p - orc warrior
Aim: an orc warrior, wielding a +0 mace and wearing a +0 plate armour (about 32% to evade your +2 hand axe of electrocution)
You closely miss the orc warrior. You block the orc warrior's attack.
Cleave: a) +2 hand axe (elec)
Press: ? - help, Dir - move target, f/p - orc warrior
Aim: an orc warrior, wielding a +0 mace and wearing a +0 plate armour (about 32% to evade your +2 hand axe of electrocution)
You hit the orc warrior but do no damage.
The orc warrior hits you with a +0 mace!
Cleave: a) +2 hand axe (elec)
Press: ? - help, Dir - move target, f/p - orc warrior
Aim: an orc warrior, wielding a +0 mace and wearing a +0 plate armour (about 32% to evade your +2 hand axe of electrocution)
You slash the orc warrior!
Lightning courses through the orc warrior!!
The orc warrior is almost dead.
The orc warrior hits you with a +0 mace.
Cleave: a) +2 hand axe (elec)
Press: ? - help, Dir - move target, f/p - orc warrior
Aim: an orc warrior, wielding a +0 mace and wearing a +0 plate armour (almost dead, about 32% to evade your +2 hand axe of electrocution)
You hit the orc warrior but do no damage.
Lightning courses through the orc warrior!
You kill the orc warrior!
Okawaru accepts your kill.
Things that are here:
a +0 mace; a +0 plate armour; an orc corpse You start resting.
HP restored.
There is a staircase to the Orcish Mines, spattered with blood here.
You climb downwards.
Welcome back to the Orcish Mines!
You block the orc's attack. x2; The orc hits you but does no damage.
You block the orc's attack. The orc hits you but does no damage. x2
There is a staircase back to the Dungeon here.
You slash the orc!
You kill the orc!
Okawaru accepts your kill.
You hit the orc but do no damage. You closely miss the orc.
The orc hits you with a +0 dagger. You block the orc's attack.
You barely miss the orc. You closely miss the orc. You block the orc's attack.
The orc misses you.
You hit the orc.
The orc is heavily wounded.
You hit the orc. You block the orc's attack.
An orc priest comes into view. It is wielding a +0 dagger.
The orc barely misses you.
You slash the orc!
You kill the orc!
Okawaru accepts your kill.
You barely miss the orc. The orc hits you but does no damage.
You closely miss the orc.
The orc is heavily wounded.
The orc priest looks braver for a moment.
The orc hits you but does no damage.
You hit the orc.
You kill the orc!
Things that are here:
a +0 dagger; a +0 scale mail; an orc corpse You closely miss the orc priest.
You slash the orc priest!
The orc priest is almost dead.
The orc priest calls down the wrath of Beogh upon you.
Beogh smites you!
You hit the orc priest.
The orc priest is almost dead.
You block the orc priest's attack.
You closely miss the orc priest.
The orc priest is almost dead.
You block the orc priest's attack.
You slash the orc priest!
You kill the orc priest!
Okawaru accepts your kill.
HP restored.
You now have 645 gold pieces (gained 16).
Things that are here:
a +0 dagger; an orc corpse
There is a staircase back to the Dungeon here.
You now have 653 gold pieces (gained 8).
You now have 674 gold pieces (gained 21).
There is an entrance to Vaxt's Armour Shop here.
You now have 684 gold pieces (gained 10).
Things that are here:
a +0 troll leather armour; a troll corpse You now have 710 gold pieces (gained 26).
Things that are here:
a +0 robe; a +0 dagger of electrocution
Things that are here:
the -2 tower shield of Fun and Games {Rampage rF- rN+ Regen+}; a +0 giant club; an ogre skeleton An ogre comes into view.
It is wielding a +0 giant spiked club.
The ogre shouts!
An ogre is nearby!
Found 25 gold pieces.
The ogre hits you with a +0 giant spiked club!!
You hit the ogre.
The ogre is moderately wounded.
You block the ogre's attack.
You barely miss the ogre.
The ogre is moderately wounded.
You slash the ogre!
The ogre is severely wounded.
You block the ogre's attack.
You hit the ogre.
The ogre is severely wounded.
You block the ogre's attack.
You hit the ogre but do no damage.
The ogre is severely wounded.
You hit the ogre.
The ogre is almost dead.
You block the ogre's attack.
You hit the ogre.
You kill the ogre!
Okawaru accepts your kill.
You see here a +0 giant spiked club.
You now have 742 gold pieces (gained 32).
You now have 767 gold pieces (gained 25).
You now have 776 gold pieces (gained 9).
You now have 791 gold pieces (gained 15).
You now have 800 gold pieces (gained 9).
You now have 828 gold pieces (gained 28).
An orc priest comes into view. It is wielding a +0 hand axe.
The orc priest shouts!
The orc priest invokes the aid of Beogh against you.
Beogh smites you!
You hear a shout!
You start resting.
An orc priest is nearby!
The orc priest calls down the wrath of Beogh upon you.
You struggle to resist.
You barely miss the orc priest.
The orc priest hits you with a +0 hand axe.
You hit the orc priest.
The orc priest is lightly wounded.
An orc priest comes into view. It is wielding a +0 dagger.
You block the orc priest's attack.
The orc priest shouts!
You hit the orc priest.
Lightning courses through the orc priest!
You kill the orc priest!
Okawaru accepts your kill.
An orc comes into view. It is wielding a +0 dagger.
The orc shouts!
The orc moves out of view.
An orc warrior comes into view. It is wielding a +0 dire flail.
The orc warrior moves out of view.
You start waiting.
An orc priest is nearby!
You slash the orc priest!
The orc priest is severely wounded.
The orc priest hits you but does no damage.
You hit the orc priest.
The orc priest is almost dead.
You block the orc priest's attack.
You closely miss the orc priest.
The orc priest is almost dead.
You block the orc priest's attack.
You barely miss the orc priest.
The orc priest is almost dead.
You closely miss the orc warrior. You barely miss the orc warrior.
The orc warrior hits you with a +0 dire flail.
You hit the orc warrior.
The orc warrior is lightly wounded.
You hit the orc warrior but do no damage.
The orc warrior is lightly wounded.
You slash the orc! Lightning courses through the orc!
You kill the orc!
Okawaru accepts your kill.
The orc warrior hits you with a +0 dire flail!
You hit the orc priest.
You kill the orc priest!
Okawaru accepts your kill.
You hit the orc warrior but do no damage.
The orc warrior hits you with a +0 dire flail!
You slash the orc warrior!
The orc warrior is moderately wounded.
The orc warrior hits you with a +0 dire flail!
You closely miss the orc warrior.
The orc warrior is moderately wounded.
You block the orc warrior's attack.
You closely miss the orc warrior.
The orc warrior is moderately wounded.
You block the orc warrior's attack.
You slash the orc warrior!
The orc warrior is severely wounded.
The orc warrior closely misses you.
You closely miss the orc warrior.
The orc warrior is severely wounded.
You block the orc warrior's attack.
You hit the orc warrior but do no damage.
Lightning courses through the orc warrior!
You kill the orc warrior!
Okawaru accepts your kill.
No target in view!
You now have 852 gold pieces (gained 24).
Things that are here:
a +0 dire flail; a +0 chain mail You now have 862 gold pieces (gained 10).
Items here: )) ††.
HP restored.
You now have 896 gold pieces (gained 34).
You see here a +0 hand axe.
You see here a +0 hand axe.
Done exploring.
Done exploring.
Done exploring.
Done exploring.
Search for what [Enter for "rF+", or ? for help]? .
Done exploring.
Done exploring.
Done exploring.
Done exploring.
Done exploring.
Done exploring.
Done exploring.
You see here a +0 giant spiked club.
There is an entrance to Vaxt's Armour Shop here.
There is a staircase back to the Dungeon here.
You climb upwards.
Welcome back to the Dungeon!
There is a staircase to the Orcish Mines, spattered with blood here.
Search for what [Enter for "."]?
Okay, then.
Unknown command.
Search for what [Enter for "."]? melee weapon
Things that are here:
a +0 plate armour; a +0 mace; an orc skeleton
There is a stone staircase leading up, spattered with blood here.
You climb upwards.
There is a stone staircase leading down, spattered with blood here.
There is a stone staircase leading up here.
You climb upwards.
There is a stone staircase leading down here.
There is a stone staircase leading up here.
You climb upwards.
There is a stone staircase leading down here.
There is a stone staircase leading up here.
You climb upwards.
There is a stone staircase leading down here.
There is a stone staircase leading up here.
You climb upwards.
There is a stone staircase leading down here.
Things that are here:
a +0 leather armour; a +2 morningstar of protection
P - a +2 morningstar of protection Adjust to which letter? (? for menu, Esc to quit)
d - a wand of flame (10);
p - 4 potions of might Adjust to which letter? (? for menu, Esc to quit)
d - a +2 morningstar of protection;
P - a wand of flame (10)
Things that are here:
a +3 chain mail of positive energy; a +0 short sword
(D) Dungeon (T) Temple (L) Lair (O) Orcish Mines
Where to? (Enter - D:5 @ (x,y), ? - help)
What level of the Lair of Beasts? (default 1, ? - help)
There is a stone staircase leading down here.
You climb downwards.
There is a stone staircase leading up here.
There is a stone staircase leading down here.
You climb downwards.
There is a stone staircase leading up here.
There is a stone staircase leading down here.
You climb downwards.
There is a stone staircase leading up here.
There is a stone staircase leading down here.
You climb downwards.
There is a stone staircase leading up here.
There is a stone staircase leading down here.
You climb downwards.
There is a stone staircase leading up here.
There is a staircase to the Lair here.
Your +2 hand axe of electrocution stops crackling.
Your +2 morningstar of protection hums with potential!
d - a +2 morningstar of protection (weapon)
You climb downwards.
Welcome back to the Lair of Beasts!
The cane toad closely misses you.
You block the six-headed hydra's attack.
The six-headed hydra bites you but does no damage.
The six-headed hydra bites you! x2
The six-headed hydra bites you but does no damage.
The six-headed hydra completely misses you.
You block the cane toad's attack.
There is a staircase back to the Dungeon, spattered with blood here.
You bludgeon the six-headed hydra!!
Your weapon exudes an aura of protection.
The six-headed hydra is moderately wounded.
You block the six-headed hydra's attack.
The six-headed hydra bites you but does no damage.
The six-headed hydra bites you! The six-headed hydra bites you.
The six-headed hydra bites you!
You block the six-headed hydra's attack.
You block the cane toad's attack.
You hit the six-headed hydra.
The six-headed hydra is moderately wounded.
The rime drake bites you but does no damage.
You block the cane toad's attack.
The six-headed hydra bites you but does no damage.
The six-headed hydra bites you. x2
You block the six-headed hydra's attack. x2
The six-headed hydra bites you but does no damage.
You block the six-headed hydra's attack. x2
The six-headed hydra bites you but does no damage.
The six-headed hydra bites you. x3
The cane toad stings you but does no damage.
The rime drake barely misses you. The rime drake breathes ice at you.
The flash freeze hits you!!
* * * LOW HITPOINT WARNING * * *
You are encased in ice.
You block the cane toad's attack.
You block the six-headed hydra's attack.
The six-headed hydra barely misses you.
You block the six-headed hydra's attack.
The six-headed hydra bites you.
* * * LOW HITPOINT WARNING * * *
The six-headed hydra bites you but does no damage.
You block the six-headed hydra's attack.
You climb upwards.
Welcome back to the Dungeon!
There is a staircase to the Lair here.
Okay, then.
Read: 4 scrolls of fear
Press: ? - help, Dir - look around, f - activate Look: a cane toad (chance to affect: 97%)
As you read the scroll of fear, it crumbles to dust.
You assume a fearsome visage.
The rime drake looks frightened!
The cane toad looks frightened!
The six-headed hydra easily resists.
The ice encasing you melts away.
You block the six-headed hydra's attack.
The six-headed hydra barely misses you.
The six-headed hydra bites you but does no damage.
The six-headed hydra bites you.
* * * LOW HITPOINT WARNING * * *
The six-headed hydra bites you but does no damage.
The six-headed hydra bites you.
* * * LOW HITPOINT WARNING * * *
Unknown command.
Read: 3 scrolls of fear
Press: ? - help, Dir - look around, f - activate Look: a six-headed hydra (moderately wounded, chance to affect: 79%)
As you read the scroll of fear, it crumbles to dust.
You assume a fearsome visage.
The six-headed hydra looks frightened!
Unknown command.
You start resting.
HP restored.
The six-headed hydra roars!
The rime drake hisses angrily.
You block the six-headed hydra's attack.
The six-headed hydra bites you but does no damage.
You block the six-headed hydra's attack.
The six-headed hydra bites you but does no damage.
You block the six-headed hydra's attack.
The six-headed hydra bites you.
You puncture the six-headed hydra!
Your weapon exudes an aura of protection.
The six-headed hydra is lightly wounded.
The six-headed hydra bites you but does no damage.
You block the six-headed hydra's attack.
The six-headed hydra misses you. The six-headed hydra bites you!
You block the six-headed hydra's attack.
The six-headed hydra bites you but does no damage.
You bludgeon the six-headed hydra!!
The six-headed hydra is heavily wounded.
The six-headed hydra bites you but does no damage.
The six-headed hydra bites you!
The six-headed hydra bites you but does no damage. x3
The six-headed hydra barely misses you.
You hit the six-headed hydra.
The six-headed hydra is heavily wounded.
The six-headed hydra bites you but does no damage.
You block the six-headed hydra's attack.
The six-headed hydra bites you.
You block the six-headed hydra's attack.
The six-headed hydra bites you.
The six-headed hydra bites you but does no damage.
The rime drake bites you but does no damage.
You hit the six-headed hydra.
The six-headed hydra is heavily wounded.
You block the six-headed hydra's attack. x3
The six-headed hydra bites you! The six-headed hydra bites you.
You block the six-headed hydra's attack.
The rime drake bites you but does no damage.
The six-headed hydra bites you. The six-headed hydra barely misses you.
The six-headed hydra bites you but does no damage. x4
You barely miss the six-headed hydra.
The six-headed hydra is heavily wounded.
The rime drake breathes ice at you. The flash freeze hits you!
You are encased in ice.
The six-headed hydra bites you!
You block the six-headed hydra's attack. x2
The six-headed hydra bites you but does no damage.
The six-headed hydra closely misses you.
The six-headed hydra bites you.
The rime drake bites you but does no damage.
You barely miss the six-headed hydra.
The six-headed hydra is heavily wounded.
The six-headed hydra bites you but does no damage.
You block the six-headed hydra's attack. x3
The six-headed hydra closely misses you.
You block the six-headed hydra's attack.
The rime drake bites you but does no damage.
You sock the six-headed hydra!
The six-headed hydra is severely wounded.
The rime drake bites you.
You block the six-headed hydra's attack. x2
The six-headed hydra completely misses you.
The six-headed hydra bites you but does no damage.
You block the six-headed hydra's attack.
The six-headed hydra bites you but does no damage.
The rime drake bites you.
The six-headed hydra bites you but does no damage. x2
The six-headed hydra barely misses you. The six-headed hydra bites you.
The six-headed hydra bites you but does no damage.
The six-headed hydra bites you!
You impale the six-headed hydra!!
The six-headed hydra is almost dead.
You block the rime drake's attack.
You block the six-headed hydra's attack.
The six-headed hydra bites you!
* * * LOW HITPOINT WARNING * * *
The six-headed hydra bites you.
* * * LOW HITPOINT WARNING * * *
You block the six-headed hydra's attack. x2
The six-headed hydra bites you.
* * * LOW HITPOINT WARNING * * *
You bludgeon the six-headed hydra!!
You kill the six-headed hydra!
Okawaru is honoured by your kill. The ice encasing you melts away.
The rime drake breathes ice at you. The flash freeze hits you!!
* * * LOW HITPOINT WARNING * * *
You are encased in ice.
The rime drake barely misses you.
Your Throwing skill increases to level 3!
You thump the rime drake!
The rime drake is moderately wounded.
You block the rime drake's attack.
The rime drake bites you but does no damage.
You barely miss the rime drake.
The rime drake is moderately wounded.
You block the rime drake's attack.
You miss the rime drake.
The rime drake is moderately wounded.
You block the rime drake's attack.
You puncture the rime drake!
The rime drake is almost dead.
The ice encasing you melts away. The rime drake breathes ice at you.
The flash freeze hits you!
You die...

# #..[## #........#
# #)..># #........#
# #...## #........#
# #...# #.#####..#
# #...# #.# #..# #
#...# #.# #..# #
#...# #.# #..# #
#...# #.# #.k# #
#...# #.# #@.# #
#...# #.# #..# #
#...# #.# #..# #
#...# #.# #..# #
#...# #.# #..# #
#...# #.# #..# #
#...####.# #..#
###........#####..#
..................#


You could see a rime drake (catching breath).

Vanquished Creatures
  A hydra (D:10)
  6 death yaks
  An orc sorcerer (Orc:1)
  A komodo dragon (D:10)
  Psyche (D:9)
  An unseen horror zombie (D:8)
  3 trolls
  A hornet (D:9)
  Grinder (D:6)
  A wraith (D:9)
  3 wyverns
  4 steam dragons
  Menkaure (D:7)
  An acid dragon (D:10)
  Duvessa (D:5)
  2 hornet zombies (D:8)
  A black bear (D:6)
  An ice beast (D:6)
  7 orc warriors
  2 ogres (Orc:1)
  2 centaurs
  2 phantoms
  4 kobold brigands
  Blork the orc (D:6)
  A gnoll sergeant (D:10)
  3 bullfrogs
  4 scorpions
  A wyvern zombie (D:8)
  3 necrophages (D:6)
  11 wights
  Dowan (D:5)
  4 killer bees (D:10)
  7 howler monkeys
  3 centaur zombies (D:8)
  11 orc priests
  5 hounds
  3 jellies (D:5)
  A gnoll bouda (D:5)
  5 orc wizards
  A mummy (D:6)
  2 howler monkey zombies (D:8)
  4 adders
  19 gnolls
  A white imp (D:8)
  An ufetubus (D:5)
  4 dart slugs
  34 orcs
  5 ball pythons
  5 endoplasms
  6 goblins
  3 hobgoblins
  3 jackals (D:2)
  29 kobolds
  3 quokkas
  5 bats
  3 frilled lizards
  2 rats
  A spectral kobold (D:3)
243 creatures vanquished.

Vanquished Creatures (others)
  2 kobolds (D:9)
  35 plants
  7 withered plants
44 creatures vanquished.

Grand Total: 287 creatures vanquished

Notes
Turn   | Place    | Note
-------+----------+-------------------------------------------
     0 | D:1      | Buttons840 the Troll Fighter began the quest for the Orb.
     0 | D:1      | Reached XP level 1. HP: 22/22 MP: 0/0
   157 | D:1      | Reached XP level 2. HP: 29/29 MP: 1/1
   384 | D:1      | Reached skill level 3 in Shields
   786 | D:2      | Reached XP level 3. HP: 10/36 MP: 2/2
  1004 | D:2      | Reached XP level 4. HP: 40/44 MP: 3/3
  1310 | D:3      | Found a sparkling altar of Nemelex Xobeh.
  1398 | D:3      | Found a faded altar of an unknown god.
  1457 | D:3      | Reached skill level 1 in Axes
  1504 | D:3      | Found a shadowy altar of Dithmenos.
  1864 | D:3      | Reached XP level 5. HP: 53/53 MP: 4/4
  1908 | D:3      | Found a burning altar of Makhleb.
  2468 | D:4      | Reached XP level 6. HP: 59/61 MP: 5/5
  2624 | D:5      | Entered Level 5 of the Dungeon
  3049 | D:5      | Reached XP level 7. HP: 46/68 MP: 6/6
  3086 | D:5      | Found a bloodstained altar of Trog.
  3204 | D:5      | Found a staircase to the Ecumenical Temple.
  3223 | Temple   | Entered the Ecumenical Temple
  3464 | Temple   | Became a worshipper of Warmaster Okawaru
  3519 | D:5      | Noticed Duvessa
  3519 | D:5      | Noticed Dowan
  3619 | D:6      | Reached skill level 4 in Shields
  3697 | D:6      | Reached skill level 1 in Invocations
  3697 | D:6      | Reached XP level 8. HP: 79/79 MP: 7/7
  3711 | D:6      | Found a shimmering altar of Xom.
  3790 | D:6      | Noticed Grinder
  3834 | D:6      | Killed Grinder
  3835 | D:6      | Reached skill level 5 in Axes
  3887 | D:6      | Reached * piety under Okawaru
  3966 | D:6      | Reached skill level 5 in Fighting
  4027 | D:6      | Found a snail-covered altar of Cheibriados.
  4377 | D:6      | Found an ornate altar of the Wu Jian Council.
  4419 | D:6      | Noticed Blork the orc
  4435 | D:6      | Killed Blork the orc
  4755 | D:7      | Found a hazy altar of Hepliaklqana.
  4778 | D:7      | Reached skill level 5 in Shields
  4895 | D:7      | Reached XP level 9. HP: 54/88 MP: 9/9
  4951 | D:7      | Found a blossoming altar of Fedhas.
  5062 | D:7      | Noticed Menkaure
  5433 | D:7      | Killed Menkaure
  5471 | D:7      | Found Keunexot's Self-Improvement Boutique.
  5864 | D:7      | Reached ** piety under Okawaru
  6233 | D:8      | Reached skill level 6 in Shields
  6373 | D:8      | Reached skill level 7 in Shields
  6720 | D:8      | Reached *** piety under Okawaru
  6928 | D:8      | Reached skill level 8 in Shields
  6934 | D:8      | Reached XP level 10. HP: 69/96 MP: 10/10
  7114 | D:8      | Identified the +1 plate armour "Buikhleyh" {Dex+2}
  7206 | D:8      | Identified the +1 scale mail of Vaote {rC- Int+4}
  7332 | D:6      | Found a shimmering blue altar of Sif Muna.
  7548 | D:5      | Killed Duvessa
  7566 | D:5      | Killed Dowan
  7853 | D:8      | Reached **** piety under Okawaru
  8065 | D:9      | Noticed Psyche
  8111 | D:9      | Killed Psyche
  8112 | D:9      | Reached skill level 9 in Shields
  8332 | D:9      | Reached ***** piety under Okawaru
  8406 | D:9      | Found an ancient bone altar of Kikubaaqudgha.
  8630 | D:10     | Entered Level 10 of the Dungeon
  8652 | D:10     | Reached skill level 10 in Shields
  8699 | D:10     | Found a staircase to the Orcish Mines.
  8737 | D:10     | Noticed a death yak
  8747 | D:10     | Noticed a death yak
  8747 | D:10     | Noticed a death yak
  8749 | D:10     | Noticed a death yak
  8868 | D:9      | Killed a death yak
  8869 | D:9      | Reached skill level 1 in Throwing
  8869 | D:9      | Reached skill level 1 in Evocations
  8914 | D:10     | Noticed a death yak
  8915 | D:10     | Noticed a death yak
  8980 | D:8      | Killed a death yak
  9031 | D:9      | Killed a death yak
  9032 | D:9      | Reached XP level 11. HP: 34/105 MP: 11/11
  9236 | D:8      | Killed a death yak
  9306 | D:9      | Killed a death yak
  9307 | D:9      | Reached skill level 11 in Shields
  9400 | D:10     | Killed a death yak
  9850 | D:10     | Found a staircase to the Lair.
 10168 | Lair:1   | Entered Level 1 of the Lair of Beasts
 10168 | Lair:1   | Noticed a six-headed hydra
 10203 | Orc:1    | Entered Level 1 of the Orcish Mines
 10220 | Orc:1    | Found Leumuami's Armour Boutique.
 10237 | Orc:1    | Noticed an orc sorcerer
 10255 | Orc:1    | Killed an orc sorcerer
 10255 | Orc:1    | Identified the -2 tower shield of Fun and Games {Rampage
                  | rF- rN+ Regen+} (Okawaru gifted it to you on level 1 of the
                  | Orcish Mines)
 10255 | Orc:1    | Received a gift from Okawaru
 10467 | Orc:1    | Found Vaxt's Armour Shop.
 11291 | D:10     | Killed a six-headed hydra
 11295 | D:10     | Killed from afar by a rime drake

Illustrated notes

Levels and vault maps discovered:
D:1:      lemuel_arrival_muddy, layout_loops_ring
D:2:      layout_rooms
D:3:      layout_basic, nicolae_dithmenos_the_darkroom,
          mainiacjoe_overflow_small_starburst, lemuel_round_altar,
          dreamdust_ecumenical_altar_drowned_temple
D:4:      layout_rooms
D:5:      layout_cave_pools, old_standard_altar, minmay_temple_entry_slanted,
          amcnicky_mini_pool_small, corexii_corridor_pit,
          kennysheep_cross_bottleneck, uniq_duvessa
D:6:      layout_gridville, tgw_sif, slow_altar_2,
          pdpol_wu_jian_five_deadly_venoms, lemuel_doored_altar,
          minmay_misc_feat_room, minivault_22, uniq_blork_the_orc, uniq_grinder
D:7:      layout_basic, mainiacjoe_overflow_boulevard,
          nicolae_hepliaklqana_hazy_memory, nicolae_shop_self_help,
          uniq_menkaure
D:8:      layout_gridville, serial_undead, serial_undead_a, serial_undead_e,
          serial_undead_d, serial_undead_a, serial_undead_e
D:9:      layout_cave_pools, kiku_gazebo_garden_becter, kennysheep_boxes,
          uniq_psyche
D:10:     layout_long_grid, dpeg_lair_monsters, orc_0_dummy
Temple:   minmay_temple_curvy_loop
Lair:1:   layout_hall_layers, serial_forest, infiniplex_forest_end_3,
          infiniplex_forest_side_room, infiniplex_forest_end_2,
          infiniplex_forest_straight_4, lemuel_old_faithful, uniq_erica
Orc:1:    layout_caves, serial_shops, nicolae_shop_advertising_works
          [nicolae_subvault_shop_adworks], nicolae_lakefront_shop

Skill      XL: |  1  2  3  4  5  6  7  8  9 10 11 |
---------------+----------------------------------+-----
Maces & Flails | 2 3 |  3.1
Shields        | 3 4 5 8 10 11 | 11.3
Fighting       | 3 4 5 6 |  6.9
Dodging        | 3 |  3.4
Axes           | 1 2 3 4 6 7 8 |  8.3
Invocations    | 1 2 |  2.4
Throwing       | 1 3 |  3.0
Evocations     | 1 2 |  2.3
Stealth        | |  0.3

Action                   |  1- 3 |  4- 6 |  7- 9 | 10-12 || total
-------------------------+-------+-------+-------+-------++-------
Melee: Flail             |    46 |       |       |       ||    46
       Hand axe          |    27 |   149 |   376 |   398 ||   950
       Morningstar       |       |       |       |    15 ||    15
Throw: Stone             |       |       |       |     3 ||     3
Invok: Heroism           |       |       |       |     2 ||     2
  Use: Scroll            |     6 |     3 |     5 |     6 ||    20
       Potion            |       |       |     1 |     2 ||     3
Armor: Robe              |    23 |    38 |    30 |       ||    91
       Steam dragon scal |       |       |    49 |    24 ||    73
       Troll leather arm |       |       |       |    41 ||    41
       Acid dragon scale |       |       |       |    51 ||    51
Dodge: Dodged            |    24 |    47 |   115 |   117 ||   303
Block: Kite shield       |    31 |    54 |   244 |   347 ||   676
       Reflection        |       |       |     4 |     5 ||     9
